Wolfpack vs Little Stars

Created - November 30, 2024 at 09:11

Goals
1 2 3 T
Wolfpack 1 0 2 3
Little Stars 0 2 0 2
Shots
1 2 3 T
Wolfpack 15 7 14 36
Little Stars 7 8 8 23

1st period

1. Wolfpack , Alexander Barabanov 11 (Colton White 7, Joshua Jacobs 3) at 10:05

Penalties :
Colton White (Har) for Holding (Minor) at 7:09, Aidan Mcdonough (Tex) for High sticking (Minor) at 14:07

2nd period

2. Little Stars , Daniel O'regan 8 (Shane Gersich 13, Joey Anderson 2) at 16:25
3. Little Stars , Shane Gersich 13 (Daniel O'regan 15) at 18:39

Penalties :
Aidan Mcdonough (Tex) for Hooking (Minor) at 0:55, Reece Willcox (Tex) for Tripping (Minor) at 10:15, Tucker Poolman (Tex) for Holding (Minor) at 13:23

3rd period

4. Wolfpack , Yegor Korshkov 5 (Jake Marchment 6) at 3:49
5. Wolfpack , Alexander Barabanov 12 (Derrick Pouliot 14, Alex Barre-Boulet 11) at 9:17

Penalties :
Ville Pokka (Tex) for Slashing (Minor) at 6:51, Dryden Hunt (Har) for Slashing (Minor) at 9:24

Goalie Stats

Samuel Ersson (Har), 21 saves from 23 shots - (0.913), W, 2-3-2, 60:00 minutes
Ilya Konovalov (Tex), 33 saves from 36 shots - (0.917), L, 1-4-0, 59:30 minutes

Players Stats for Wolfpack

Player Name              G  A  P  +/- PIM S  H  SB GA TA FO     MP     PP MP  PK MP  
------------------------------------------------------------------------------------
Alex Barre-Boulet        0  1  1   2  0   1  2  0  0  0  2/9    18:42   4:49   0:29 
Alexander Barabanov      2  0  2   2  0   4  2  0  0  0  0/0    19:58   4:49   1:54 
Alexander Volkov         0  0  0   0  0   2  2  0  0  1  0/0    11:16   0:09   0:00 
Andrei Altybarmakyan     0  0  0   0  0   2  0  0  0  0  0/0     7:04   0:00   0:00 
Andrew Peeke             0  0  0  -1  0   0  1  1  0  0  0/0    12:06   0:00   0:00 
Cale Fleury              0  0  0   1  0   0  1  3  1  0  0/0    20:59   4:30   1:57 
Colton White             0  1  1   1  2   1  2  3  0  0  0/0    26:00   5:25   1:07 
Derrick Pouliot          0  1  1   0  0   2  2  1  0  4  0/0    26:16   5:25   2:19 
Dryden Hunt              0  0  0  -1  2   3  4  1  2  0  0/2    20:37   4:57   1:00 
Jake Marchment           0  1  1   0  0   1  0  0  0  0  3/4    12:22   0:09   1:06 
Jakub Lauko              0  0  0   0  0   1  0  0  0  0  0/0     7:36   0:00   0:10 
Joshua Jacobs            0  1  1   0  0   2  1  1  0  1  0/0    13:50   0:00   0:47 
K'Andre Miller           0  0  0   2  0   2  0  1  1  0  0/0    21:45   4:30   1:46 
Nolan Patrick            0  0  0  -1  0   3  1  0  0  0  16/30  21:06   4:57   1:59 
Owen Tippet              0  0  0   1  0   2  1  0  0  0  0/0    17:16   4:49   0:00 
Sebastian Collberg       0  0  0  -1  0   5  5  2  1  0  0/2    19:07   4:57   0:00 
Shane Pinto              0  0  0   0  0   0  2  0  1  0  0/2     7:36   0:00   0:10 
Yegor Korshkov           1  0  1   0  0   5  1  0  0  0  0/0    12:24   0:09   1:08 

Players Stats for Little Stars

Player Name              G  A  P  +/- PIM S  H  SB GA TA FO     MP     PP MP  PK MP  
------------------------------------------------------------------------------------
Aidan Mcdonough          0  0  0  -1  4   0  1  0  1  0  0/0    11:27   0:00   0:00 
Cal Burke                0  0  0  -1  0   2  0  0  0  0  0/0    10:55   0:00   0:00 
Connor Mackey            0  0  0  -2  0   0  2  0  0  0  0/0    16:11   0:00   2:14 
Daniel O'regan           1  1  2   1  0   5  3  0  1  1  18/35  22:00   2:08   5:16 
Filip Chytil             0  0  0  -1  0   0  0  1  0  0  0/0    11:08   0:12   0:00 
Jason Dickinson          0  0  0  -1  0   1  3  1  0  0  5/8    18:01   1:50   3:12 
Joey Anderson            0  1  1   0  0   1  2  0  0  0  0/0     6:42   0:00   0:00 
Jonathan Dahlen          0  0  0  -1  0   0  1  1  0  0  0/1    17:57   1:46   3:12 
Justin Auger             0  0  0   0  0   1  0  0  0  1  1/1    15:59   1:50   1:27 
Lawrence Pilut           0  0  0  -1  0   0  0  0  0  0  0/0    13:21   0:00   0:39 
Matt Luff                0  0  0   1  0   2  1  0  0  1  2/2    16:50   2:00   0:00 
Radel Fazleev            0  0  0   0  0   2  0  0  1  0  1/1     7:05   0:00   0:00 
Reece Willcox            0  0  0   1  2   1  0  0  1  0  0/0    24:26   2:05   4:48 
Rudolfs Balcers          0  0  0   0  0   1  1  0  0  0  1/1     9:04   0:00   1:27 
Samuel Girard            0  0  0   1  0   1  2  1  0  1  0/0    25:47   2:05   6:08 
Shane Gersich            1  1  2   1  0   4  0  0  2  1  0/0    22:00   2:08   5:16 
Tucker Poolman           0  0  0  -1  2   2  0  1  0  1  0/0    19:40   1:53   2:18 
Ville Pokka              0  0  0  -1  2   0  1  2  0  0  0/0    21:26   1:53   3:43 

3 Stars

1 - Alexander Barabanov (Har)
2 - Daniel O'regan (Tex)
3 - Shane Gersich (Tex)

Power Play

Wolfpack - 0 on 6 Attempt(s) - 0.00%
Little Stars - 0 on 1 Attempt(s) - 0.00%

Penalty Kill

Wolfpack - 1 on 1 Attempt(s) - 100.00% - Score 0 goal in Penalty Kill
Little Stars - 6 on 6 Attempt(s) - 100.00% - Score 0 goal in Penalty Kill

Team Stat

Wolfpack - Hits : 27 - Faceoff Wins : 21 - Blocked Shots : 13 - Penalty Minutes : 4
Little Stars - Hits : 17 - Faceoff Wins : 28 - Blocked Shots : 7 - Penalty Minutes : 10

Official

Referees : Ghislain Hebert and Ian Walsh
Linesman : Derek Amell and Tony Sericolo

Game Notes

9:06 of 2nd period - Wolfpack goal is going for a video replay. After video review, No Goal. The puck has entered the net after making contact with an attacking player’s stick that is above the height of the crossbar.
17:19 of 2nd period - Penalty Shot by Ville Pokka for Little Stars - Stopped by Samuel Ersson

Finance

Level 1 -- Attendance: 1779 (88.95%) -- Ticket Income $124,530
Level 2 -- Attendance: 859 (85.90%) -- Ticket Income $34,360
Total Attendance: 2638 (87.93%)
Total Ticket Income: $158,890
Other Income: $7,944
Total Income: $166,834

Wolfpack

5 vs 5 Forward 
   Center                   Left Wing                Right Wing               Time % Phy DF OF 
 1 Nolan Patrick            Dryden Hunt              Sebastian Collberg       40     1   2  2  
 2 Alex Barre-Boulet        Alexander Barabanov      Owen Tippet              30     1   2  2  
 3 Jake Marchment           Yegor Korshkov           Alexander Volkov         20     1   2  2  
 4 Shane Pinto              Jakub Lauko              Andrei Altybarmakyan     10     1   2  2  

5 vs 5 Defense 
   Defense                  Defense                                           Time % Phy DF OF 
 1 Derrick Pouliot          Colton White                                      40     1   2  2  
 2 K'Andre Miller           Cale Fleury                                       30     1   2  2  
 3 Joshua Jacobs            Andrew Peeke                                      20     1   2  2  
 4 Derrick Pouliot          Colton White                                      10     1   2  2  

PowerPlay Forward 
   Center                   Left Wing                Right Wing               Time % Phy DF OF 
 1 Nolan Patrick            Dryden Hunt              Sebastian Collberg       60     1   2  2  
 2 Alex Barre-Boulet        Alexander Barabanov      Owen Tippet              40     1   2  2  

PowerPlay Defense
   Defense                  Defense                                           Time % Phy DF OF 
 1 Derrick Pouliot          Colton White                                      60     1   2  2  
 2 K'Andre Miller           Cale Fleury                                       40     1   2  2  

Penalty Kill 4 Players Forward 
   Center                   Wing                     Time % Phy DF OF 
 1 Nolan Patrick            Dryden Hunt              60     1   2  2  
 2 Alex Barre-Boulet        Alexander Barabanov      40     1   2  2  

Penalty Kill 4 Players Defense
   Defense                  Defense                  Time % Phy DF OF 
 1 Derrick Pouliot          Colton White             60     1   2  2  
 2 K'Andre Miller           Cale Fleury              40     1   2  2  

Penalty Kill - 3 Players Forward 
   Forward                                           Time % Phy DF OF 
 1 Nolan Patrick                                     60     1   2  2  
 2 Alex Barre-Boulet                                 40     1   2  2  

Penalty Kill - 3 Players Defense
   Defense                  Defense                  Time % Phy DF OF 
 1 Derrick Pouliot          Colton White             60     1   2  2  
 2 K'Andre Miller           Cale Fleury              40     1   2  2  

4 vs 4 Forward 
   Center                   Wing                     Time % Phy DF OF 
 1 Nolan Patrick            Dryden Hunt              60     1   2  2  
 2 Alex Barre-Boulet        Alexander Barabanov      40     1   2  2  

4 vs 4 Defense
   Defense                  Defense                  Time % Phy DF OF 
 1 Derrick Pouliot          Colton White             60     1   2  2  
 2 K'Andre Miller           Cale Fleury              40     1   2  2  

Last Minutes Offensive
   Center                   Left Wing                Right Wing               Defense                  Defense                  
   Nolan Patrick            Dryden Hunt              Sebastian Collberg       Derrick Pouliot          Colton White             

Last Minutes Defensive
   Center                   Left Wing                Right Wing               Defense                  Defense                  
   Nolan Patrick            Dryden Hunt              Sebastian Collberg       Derrick Pouliot          Colton White             

Goaltenders
Starting : Samuel Ersson            
Backup : Charlie Lindgren         

Extra Forwards
Normal : Alexander Barabanov, Alex Barre-Boulet, Jake Marchment - PP : Alexander Barabanov, Alex Barre-Boulet - PK : Alexander Barabanov
Extra Defensemen
Normal : Cale Fleury, Joshua Jacobs, Andrew Peeke - PP : Cale Fleury - PK : Cale Fleury, Joshua Jacobs
Penalty Shots
Sebastian Collberg, Nolan Patrick, Owen Tippet, Dryden Hunt, Alexander Barabanov
Custom OT Lines Forwards
Sebastian Collberg, Nolan Patrick, Owen Tippet, Dryden Hunt, Alexander Barabanov, Alex Barre-Boulet, Jake Marchment, Alexander Volkov, Andrei Altybarmakyan, Yegor Korshkov
Custom OT Lines Defensemen
Derrick Pouliot, Colton White, K'Andre Miller, Cale Fleury, Joshua Jacobs

Scratches
Ryan Poehling (Healthy), Mason Shaw (Healthy), Ben Jones (Healthy), Samuel Houde (Healthy), Dylan Samberg (Healthy)
Mikhail Vorobyev (Healthy), Ryan Culkin (Left Ankle Injury), Dante Fabbro (Healthy), Jeffrey Viel (Healthy), Linus Sandin (Healthy)
Jack Drury (Healthy), Martin Kaut (Healthy), Mathias Laferriere (Healthy), Maxwell Crozier (Healthy), Will Francis (Healthy)
Dustin Wolf (Healthy)

Little Stars

5 vs 5 Forward 
   Center                   Left Wing                Right Wing               Time % Phy DF OF 
 1 Daniel O'regan           Shane Gersich            Matt Luff                40     1   2  2  
 2 Jason Dickinson          Jonathan Dahlen          Justin Auger             30     1   2  2  
 3 Filip Chytil             Aidan Mcdonough          Cal Burke                20     1   2  2  
 4 Radel Fazleev            Rudolfs Balcers          Joey Anderson            10     1   2  2  

5 vs 5 Defense 
   Defense                  Defense                                           Time % Phy DF OF 
 1 Reece Willcox            Samuel Girard                                     40     1   2  2  
 2 Tucker Poolman           Ville Pokka                                       30     1   2  2  
 3 Connor Mackey            Lawrence Pilut                                    20     1   2  2  
 4 Reece Willcox            Samuel Girard                                     10     1   2  2  

PowerPlay Forward 
   Center                   Left Wing                Right Wing               Time % Phy DF OF 
 1 Daniel O'regan           Shane Gersich            Matt Luff                60     0   2  3  
 2 Jason Dickinson          Jonathan Dahlen          Justin Auger             40     0   2  3  

PowerPlay Defense
   Defense                  Defense                                           Time % Phy DF OF 
 1 Reece Willcox            Samuel Girard                                     60     1   2  2  
 2 Tucker Poolman           Ville Pokka                                       40     1   2  2  

Penalty Kill 4 Players Forward 
   Center                   Wing                     Time % Phy DF OF 
 1 Daniel O'regan           Shane Gersich            60     1   2  2  
 2 Jason Dickinson          Jonathan Dahlen          40     1   2  2  

Penalty Kill 4 Players Defense
   Defense                  Defense                  Time % Phy DF OF 
 1 Reece Willcox            Samuel Girard            60     0   3  2  
 2 Tucker Poolman           Ville Pokka              40     0   3  2  

Penalty Kill - 3 Players Forward 
   Forward                                           Time % Phy DF OF 
 1 Daniel O'regan                                    60     1   2  2  
 2 Jason Dickinson                                   40     1   2  2  

Penalty Kill - 3 Players Defense
   Defense                  Defense                  Time % Phy DF OF 
 1 Reece Willcox            Samuel Girard            60     0   3  2  
 2 Tucker Poolman           Ville Pokka              40     0   3  2  

4 vs 4 Forward 
   Center                   Wing                     Time % Phy DF OF 
 1 Daniel O'regan           Shane Gersich            60     0   2  3  
 2 Jason Dickinson          Jonathan Dahlen          40     0   2  3  

4 vs 4 Defense
   Defense                  Defense                  Time % Phy DF OF 
 1 Reece Willcox            Samuel Girard            60     1   2  2  
 2 Tucker Poolman           Ville Pokka              40     1   2  2  

Last Minutes Offensive
   Center                   Left Wing                Right Wing               Defense                  Defense                  
   Daniel O'regan           Shane Gersich            Matt Luff                Reece Willcox            Samuel Girard            

Last Minutes Defensive
   Center                   Left Wing                Right Wing               Defense                  Defense                  
   Daniel O'regan           Shane Gersich            Matt Luff                Reece Willcox            Samuel Girard            

Goaltenders
Starting : Ilya Konovalov           
Backup : Danil Tarasov            

Extra Forwards
Normal : Justin Auger, Filip Chytil, Radel Fazleev - PP : Justin Auger, Filip Chytil - PK : Justin Auger
Extra Defensemen
Normal : Ville Pokka, Connor Mackey, Lawrence Pilut - PP : Ville Pokka - PK : Ville Pokka, Connor Mackey
Penalty Shots
Daniel O'regan, Matt Luff, Shane Gersich, Jason Dickinson, Justin Auger
Custom OT Lines Forwards
Daniel O'regan, Matt Luff, Shane Gersich, Jason Dickinson, Justin Auger, Filip Chytil, Radel Fazleev, Jonathan Dahlen, Aidan Mcdonough, Cal Burke
Custom OT Lines Defensemen
Reece Willcox, Samuel Girard, Tucker Poolman, Ville Pokka, Connor Mackey

Scratches
Jack McBain (Healthy), Emile Poirier (Torso Injury), Jean-Christophe Beaudin (Healthy), Yakov Trenin (Healthy), Givani Smith (Healthy)
Blade Jenkins (Healthy), Bulat Shafigullin (Healthy), Victor Soderstrom (Healthy), Rhett Pitlick (Healthy), Michael Giugovaz (Healthy)

% Time on Ice - Wolfpack

Lines # - Real PCT - Wanted PCT - Time Play
Normal Forward
1 - 31% - 40% - 14:04
2 - 30% - 30% - 13:24
3 - 23% - 20% - 10:33
4 - 16% - 10% - 7:04
Normal Defense
1 - 40% - 40% - 18:03
2 - 32% - 30% - 14:15
3 - 27% - 20% - 12:06
4 - 2% - 10% - 0:41
PP Forward
1 - 51% - 60% - 5:06
2 - 49% - 40% - 4:49
PP Defense
1 - 55% - 60% - 5:25
2 - 45% - 40% - 4:30
PK Forward
1 - 88% - 60% - 3:29
2 - 12% - 40% - 0:29
PK Defense
1 - 78% - 60% - 3:06
2 - 22% - 40% - 0:52
PK3 Forward
1 - 0% - 60%
2 - 0% - 40%
PK3 Defense
1 - 0% - 60%
2 - 0% - 40%
44 Forward
1 - 0% - 60%
2 - 0% - 40%
44 Defense
1 - 0% - 60%
2 - 0% - 40%
Last Minute Offensive  - 0:00
Last Minute Defensive  - 1:02
Total
Forward - 60:00
Defense - 60:00

% Time on Ice - Little Stars

Lines # - Real PCT - Wanted PCT - Time Play
Normal Forward
1 - 32% - 40% - 14:30
2 - 29% - 30% - 12:59
3 - 24% - 20% - 10:55
4 - 15% - 10% - 6:42
Normal Defense
1 - 36% - 40% - 16:21
2 - 35% - 30% - 15:44
3 - 27% - 20% - 12:22
4 - 1% - 10% - 0:39
PP Forward
1 - 54% - 60% - 2:08
2 - 46% - 40% - 1:50
PP Defense
1 - 53% - 60% - 2:05
2 - 47% - 40% - 1:53
PK Forward
1 - 68% - 60% - 6:43
2 - 32% - 40% - 3:12
PK Defense
1 - 68% - 60% - 6:47
2 - 32% - 40% - 3:08
PK3 Forward
1 - 0% - 60%
2 - 0% - 40%
PK3 Defense
1 - 0% - 60%
2 - 0% - 40%
44 Forward
1 - 0% - 60%
2 - 0% - 40%
44 Defense
1 - 0% - 60%
2 - 0% - 40%
Last Minute Offensive  - 1:01
Last Minute Defensive  - 0:00
Total
Forward - 60:00
Defense - 60:00

Play-by-Play

1st period


0:01 of 1st period - Daniel O'regan wins face-off versus Nolan Patrick in neutral zone.
0:04 of 1st period - Slapshot by Shane Gersich.
0:04 of 1st period - Stopped by Samuel Ersson with a rebound.
0:16 of 1st period - Wrist shot by Daniel O'regan.
0:16 of 1st period - Shot Blocked by Sebastian Collberg.
0:26 of 1st period - Reece Willcox is hit by Alexander Barabanov and loses puck.
0:52 of 1st period - Snap shot by Cal Burke.
0:52 of 1st period - Stopped by Samuel Ersson with a rebound.
0:54 of 1st period - Snap shot by Cal Burke.
0:54 of 1st period - Shot Misses the Net.
1:19 of 1st period - Icing by Radel Fazleev.
1:20 of 1st period - Rudolfs Balcers wins face-off versus Nolan Patrick in Little Stars zone.
2:07 of 1st period - Wrist shot by Nolan Patrick.
2:07 of 1st period - Shot Misses the Net.
2:17 of 1st period - Wrist shot by Dryden Hunt.
2:17 of 1st period - Shot Misses the Net.
2:25 of 1st period - Snap shot by Sebastian Collberg.
2:25 of 1st period - Shot Misses the Net.
2:27 of 1st period - Wrist shot by Sebastian Collberg.
2:27 of 1st period - Stopped by Ilya Konovalov with a rebound.
2:29 of 1st period - Slapshot by Joshua Jacobs.
2:29 of 1st period - Stopped by Ilya Konovalov without a rebound.
2:30 of 1st period - Daniel O'regan wins face-off versus Alex Barre-Boulet in Little Stars zone.
2:37 of 1st period - Wrist shot by Matt Luff.
2:37 of 1st period - Stopped by Samuel Ersson with a rebound.
2:57 of 1st period - Justin Auger is hit by Alexander Volkov.
3:25 of 1st period - Tucker Poolman is hit by Shane Pinto and loses puck.
4:02 of 1st period - Wrist shot by Yegor Korshkov.
4:02 of 1st period - Stopped by Ilya Konovalov with a rebound.
4:28 of 1st period - Matt Luff is hit by Sebastian Collberg and loses puck.
5:04 of 1st period - Slapshot by Rudolfs Balcers.
5:04 of 1st period - Shot Misses the Net.
5:51 of 1st period - Wrist shot by Jason Dickinson.
5:51 of 1st period - Deflect By Justin Auger.
5:51 of 1st period - Stopped by Samuel Ersson with a rebound.
5:53 of 1st period - Slapshot by Tucker Poolman.
5:53 of 1st period - Shot Misses the Net.
6:05 of 1st period - Snap shot by Joey Anderson.
6:05 of 1st period - Shot Blocked by Cale Fleury.
6:09 of 1st period - Snap shot by Radel Fazleev.
6:09 of 1st period - Shot Blocked by K'Andre Miller.
6:11 of 1st period - Wrist shot by Joey Anderson.
6:11 of 1st period - Shot Misses the Net.
6:21 of 1st period - Slapshot by Dryden Hunt.
6:21 of 1st period - Stopped by Ilya Konovalov without a rebound.
6:22 of 1st period - Nolan Patrick wins face-off versus Daniel O'regan in Little Stars zone.
6:35 of 1st period - Derrick Pouliot is hit by Matt Luff.
6:46 of 1st period - Icing by Daniel O'regan.
6:47 of 1st period - Daniel O'regan wins face-off versus Alex Barre-Boulet in Little Stars zone.
6:47 of 1st period - Daniel O'regan is hit by Derrick Pouliot.
7:09 of 1st period - Minor Penalty to Colton White for Holding.
7:10 of 1st period - Nolan Patrick wins face-off versus Daniel O'regan in Wolfpack zone.
9:09 of 1st period - Penalty to Colton White is over, Colton White is back on ice.
9:15 of 1st period - Colton White is hit by Connor Mackey and loses puck.
9:20 of 1st period - Backhand shot by Filip Chytil.
9:20 of 1st period - Shot Misses the Net.
9:29 of 1st period - Icing by Joshua Jacobs.
9:30 of 1st period - Radel Fazleev wins face-off versus Alex Barre-Boulet in Wolfpack zone.
9:45 of 1st period - Snap shot by Rudolfs Balcers.
9:45 of 1st period - Stopped by Samuel Ersson with a rebound.
9:59 of 1st period - Wrist shot by Alex Barre-Boulet.
9:59 of 1st period - Shot Misses the Net.
10:01 of 1st period - Snap shot by Alex Barre-Boulet.
10:01 of 1st period - Shot Misses the Net.
10:03 of 1st period - Slapshot by Joshua Jacobs.
10:03 of 1st period - Deflect By Connor Mackey.
10:03 of 1st period - Stopped by Ilya Konovalov with a rebound.
10:05 of 1st period - Wrist shot by Colton White.
10:05 of 1st period - Deflect By Alexander Barabanov.
10:05 of 1st period - Goal by Alexander Barabanov - Wolfpack : 1 - Little Stars : 0.
10:06 of 1st period - Nolan Patrick wins face-off versus Daniel O'regan in neutral zone.
10:09 of 1st period - Slapshot by Derrick Pouliot.
10:09 of 1st period - Deflect By Reece Willcox.
10:09 of 1st period - Stopped by Ilya Konovalov with a rebound.
10:11 of 1st period - Snap shot by Dryden Hunt.
10:11 of 1st period - Stopped by Ilya Konovalov with a rebound.
10:13 of 1st period - Snap shot by Dryden Hunt.
10:13 of 1st period - Stopped by Ilya Konovalov without a rebound.
10:14 of 1st period - Nolan Patrick wins face-off versus Daniel O'regan in Little Stars zone.
11:26 of 1st period - Slapshot by Sebastian Collberg.
11:26 of 1st period - Stopped by Ilya Konovalov with a rebound.
11:28 of 1st period - Snap shot by Nolan Patrick.
11:28 of 1st period - Stopped by Ilya Konovalov without a rebound.
11:29 of 1st period - Jake Marchment wins face-off versus Jonathan Dahlen in Little Stars zone.
11:58 of 1st period - Snap shot by Shane Gersich.
11:58 of 1st period - Stopped by Samuel Ersson without a rebound.
11:59 of 1st period - Daniel O'regan wins face-off versus Sebastian Collberg in Wolfpack zone.
12:00 of 1st period - Wrist shot by Shane Gersich.
12:00 of 1st period - Deflect By Daniel O'regan.
12:00 of 1st period - Shot Blocked by Colton White.
12:00 of 1st period - Puck is out of play.
12:01 of 1st period - Daniel O'regan wins face-off versus Nolan Patrick in Wolfpack zone.
12:04 of 1st period - Wrist shot by Daniel O'regan.
12:04 of 1st period - Shot Misses the Net.
12:36 of 1st period - Snap shot by Owen Tippet.
12:36 of 1st period - Stopped by Ilya Konovalov without a rebound.
12:37 of 1st period - Alex Barre-Boulet wins face-off versus Jason Dickinson in Little Stars zone.
12:58 of 1st period - Snap shot by Alexander Barabanov.
12:58 of 1st period - Stopped by Ilya Konovalov without a rebound.
12:59 of 1st period - Matt Luff wins face-off versus Nolan Patrick in Little Stars zone.
12:59 of 1st period - Matt Luff is hit by Dryden Hunt.
13:04 of 1st period - Reece Willcox is hit by Joshua Jacobs and loses puck.
13:19 of 1st period - Reece Willcox is hit by Nolan Patrick.
13:59 of 1st period - Snap shot by Alexander Barabanov.
13:59 of 1st period - Stopped by Ilya Konovalov with a rebound.
14:07 of 1st period - Minor Penalty to Aidan Mcdonough for High sticking.
14:08 of 1st period - Nolan Patrick wins face-off versus Daniel O'regan in Little Stars zone.
14:43 of 1st period - Jonathan Dahlen is hit by Dryden Hunt and loses puck.
15:08 of 1st period - Snap shot by Jason Dickinson.
15:08 of 1st period - Shot Blocked by Sebastian Collberg.
16:07 of 1st period - Penalty to Aidan Mcdonough is over, Aidan Mcdonough is back on ice.
16:40 of 1st period - Icing by Connor Mackey.
16:41 of 1st period - Justin Auger wins face-off versus Shane Pinto in Little Stars zone.
16:41 of 1st period - Justin Auger is hit by Andrew Peeke.
16:57 of 1st period - Snap shot by Jakub Lauko.
16:57 of 1st period - Stopped by Ilya Konovalov with a rebound.
17:13 of 1st period - Snap shot by Daniel O'regan.
17:13 of 1st period - Shot Misses the Net.
17:15 of 1st period - Snap shot by Shane Gersich.
17:15 of 1st period - Deflect By Daniel O'regan.
17:15 of 1st period - Stopped by Samuel Ersson with a rebound.
17:17 of 1st period - Slapshot by Connor Mackey.
17:17 of 1st period - Shot Blocked by Andrew Peeke.
17:39 of 1st period - Snap shot by Owen Tippet.
17:39 of 1st period - Shot Misses the Net.
18:42 of 1st period - Reece Willcox is hit by Shane Pinto.
18:46 of 1st period - Colton White is hit by Jason Dickinson and loses puck.
Goals for this period are 1 for Wolfpack vs 0 for Little Stars.
Shots for this period are 15 for Wolfpack vs 7 for Little Stars.

2nd period


0:01 of 2nd period - Nolan Patrick wins face-off versus Daniel O'regan in neutral zone.
0:53 of 2nd period - Snap shot by Jakub Lauko.
0:53 of 2nd period - Shot Misses the Net.
0:55 of 2nd period - Minor Penalty to Aidan Mcdonough for Hooking.
0:56 of 2nd period - Daniel O'regan wins face-off versus Nolan Patrick in Little Stars zone.
2:43 of 2nd period - Icing by K'Andre Miller.
2:44 of 2nd period - Jason Dickinson wins face-off versus Alex Barre-Boulet in Wolfpack zone.
2:45 of 2nd period - Snap shot by Jonathan Dahlen.
2:45 of 2nd period - Shot Misses the Net.
2:55 of 2nd period - Penalty to Aidan Mcdonough is over, Aidan Mcdonough is back on ice.
3:31 of 2nd period - Slapshot by Radel Fazleev.
3:31 of 2nd period - Stopped by Samuel Ersson without a rebound.
3:32 of 2nd period - Daniel O'regan wins face-off versus Dryden Hunt in Wolfpack zone.
3:35 of 2nd period - Wrist shot by Matt Luff.
3:35 of 2nd period - Stopped by Samuel Ersson with a rebound.
3:57 of 2nd period - Justin Auger is hit by Alexander Barabanov and loses puck.
4:35 of 2nd period - Jake Marchment is hit by Aidan Mcdonough and loses puck.
4:51 of 2nd period - Backhand shot by Samuel Girard.
4:51 of 2nd period - Shot Blocked by Derrick Pouliot.
4:53 of 2nd period - Snap shot by Filip Chytil.
4:53 of 2nd period - Shot Misses the Net.
5:07 of 2nd period - Wrist shot by Cal Burke.
5:07 of 2nd period - Stopped by Samuel Ersson with a rebound.
5:23 of 2nd period - Snap shot by Alexander Volkov.
5:23 of 2nd period - Stopped by Ilya Konovalov without a rebound.
5:24 of 2nd period - Daniel O'regan wins face-off versus Nolan Patrick in Little Stars zone.
5:36 of 2nd period - Wrist shot by Daniel O'regan.
5:36 of 2nd period - Stopped by Samuel Ersson with a rebound.
5:38 of 2nd period - Slapshot by Samuel Girard.
5:38 of 2nd period - Shot Blocked by Cale Fleury.
5:40 of 2nd period - Slapshot by Matt Luff.
5:40 of 2nd period - Shot Misses the Net.
6:10 of 2nd period - Wrist shot by Andrei Altybarmakyan.
6:10 of 2nd period - Stopped by Ilya Konovalov with a rebound.
6:52 of 2nd period - Cale Fleury is hit by Connor Mackey and loses puck.
9:04 of 2nd period - Snap shot by Nolan Patrick.
9:04 of 2nd period - Stopped by Ilya Konovalov with a rebound.
9:06 of 2nd period - Snap shot by Sebastian Collberg.
9:06 of 2nd period - Wolfpack goal is going for a video replay.
9:06 of 2nd period - The goal is refused. The puck has entered the net after making contact with an attacking player’s stick that is above the height of the crossbar..
9:07 of 2nd period - Nolan Patrick wins face-off versus Jason Dickinson in Little Stars zone.
9:40 of 2nd period - Icing by K'Andre Miller.
9:41 of 2nd period - Alex Barre-Boulet wins face-off versus Daniel O'regan in Wolfpack zone.
9:41 of 2nd period - Alex Barre-Boulet is hit by Daniel O'regan.
10:05 of 2nd period - Wrist shot by Alex Barre-Boulet.
10:05 of 2nd period - Shot Blocked by Ville Pokka.
10:07 of 2nd period - Wrist shot by Alex Barre-Boulet.
10:07 of 2nd period - Shot Misses the Net.
10:09 of 2nd period - Snap shot by K'Andre Miller.
10:09 of 2nd period - Stopped by Ilya Konovalov without a rebound.
10:10 of 2nd period - Nolan Patrick wins face-off versus Jason Dickinson in Little Stars zone.
10:13 of 2nd period - Snap shot by Nolan Patrick.
10:13 of 2nd period - Shot Blocked by Jason Dickinson.
10:15 of 2nd period - Minor Penalty to Reece Willcox for Tripping.
10:16 of 2nd period - Daniel O'regan wins face-off versus Sebastian Collberg in Little Stars zone.
10:41 of 2nd period - Samuel Girard is hit by Alex Barre-Boulet and loses puck.
10:46 of 2nd period - Snap shot by Alex Barre-Boulet.
10:46 of 2nd period - Deflect By Owen Tippet.
10:46 of 2nd period - Stopped by Ilya Konovalov without a rebound.
10:47 of 2nd period - Nolan Patrick wins face-off versus Daniel O'regan in Little Stars zone.
11:44 of 2nd period - Connor Mackey is hit by Derrick Pouliot and loses puck.
11:59 of 2nd period - Alex Barre-Boulet is hit by Rudolfs Balcers and loses puck.
12:10 of 2nd period - Lawrence Pilut is hit by Owen Tippet and loses puck.
12:15 of 2nd period - Penalty to Reece Willcox is over, Reece Willcox is back on ice.
13:08 of 2nd period - Icing by Cale Fleury.
13:09 of 2nd period - Daniel O'regan wins face-off versus Shane Pinto in Wolfpack zone.
13:23 of 2nd period - Minor Penalty to Tucker Poolman for Holding.
13:24 of 2nd period - Daniel O'regan wins face-off versus Nolan Patrick in Little Stars zone.
13:28 of 2nd period - Slapshot by Reece Willcox.
13:28 of 2nd period - Stopped by Samuel Ersson with a rebound.
13:38 of 2nd period - K'Andre Miller is hit by Daniel O'regan and loses puck.
13:54 of 2nd period - Off-side.
13:55 of 2nd period - Jason Dickinson wins face-off versus Alex Barre-Boulet in neutral zone.
14:06 of 2nd period - Slapshot by Colton White.
14:06 of 2nd period - Stopped by Ilya Konovalov with a rebound.
14:08 of 2nd period - Wrist shot by Alex Barre-Boulet.
14:08 of 2nd period - Shot Misses the Net.
14:10 of 2nd period - Wrist shot by Owen Tippet.
14:10 of 2nd period - Shot Misses the Net.
14:12 of 2nd period - Slapshot by Colton White.
14:12 of 2nd period - Shot Blocked by Ville Pokka.
14:24 of 2nd period - Wrist shot by Alex Barre-Boulet.
14:24 of 2nd period - Deflect By Owen Tippet.
14:24 of 2nd period - Shot Misses the Net.
14:24 of 2nd period - Puck is out of play.
14:25 of 2nd period - Daniel O'regan wins face-off versus Nolan Patrick in Little Stars zone.
14:34 of 2nd period - Samuel Girard is hit by Colton White.
14:38 of 2nd period - Snap shot by Daniel O'regan.
14:38 of 2nd period - Shot Misses the Net.
14:52 of 2nd period - Owen Tippet is hit by Jason Dickinson and loses puck.
15:21 of 2nd period - Ville Pokka is hit by Alex Barre-Boulet and loses puck.
15:23 of 2nd period - Penalty to Tucker Poolman is over, Tucker Poolman is back on ice.
15:56 of 2nd period - Joshua Jacobs is hit by Ville Pokka and loses puck.
16:23 of 2nd period - Snap shot by Daniel O'regan.
16:23 of 2nd period - Deflect By Shane Gersich.
16:23 of 2nd period - Stopped by Samuel Ersson with a rebound.
16:25 of 2nd period - Wrist shot by Daniel O'regan.
16:25 of 2nd period - Goal by Daniel O'regan - Wolfpack : 1 - Little Stars : 1.
16:26 of 2nd period - Nolan Patrick wins face-off versus Daniel O'regan in neutral zone.
16:29 of 2nd period - Snap shot by Sebastian Collberg.
16:29 of 2nd period - Deflect By Samuel Girard.
16:29 of 2nd period - Shot Misses the Net.
16:29 of 2nd period - Puck is out of play.
16:30 of 2nd period - Daniel O'regan wins face-off versus Nolan Patrick in Little Stars zone.
17:06 of 2nd period - Wrist shot by Jason Dickinson.
17:06 of 2nd period - Shot Misses the Net.
17:19 of 2nd period - Penalty Shot by Ville Pokka for Little Stars.
17:19 of 2nd period - Snap shot by Ville Pokka.
17:19 of 2nd period - Stopped by Samuel Ersson.
17:20 of 2nd period - Nolan Patrick wins face-off versus Daniel O'regan in Little Stars zone.
18:18 of 2nd period - Tucker Poolman is hit by Alexander Volkov and loses puck.
18:37 of 2nd period - Slapshot by Ville Pokka.
18:37 of 2nd period - Deflect By Daniel O'regan.
18:37 of 2nd period - Shot Misses the Net.
18:37 of 2nd period - Puck is out of play.
18:38 of 2nd period - Daniel O'regan wins face-off versus Nolan Patrick in Wolfpack zone.
18:39 of 2nd period - Snap shot by Shane Gersich.
18:39 of 2nd period - Goal by Shane Gersich - Wolfpack : 1 - Little Stars : 2.
18:40 of 2nd period - Nolan Patrick wins face-off versus Daniel O'regan in neutral zone.
18:43 of 2nd period - Slapshot by Derrick Pouliot.
18:43 of 2nd period - Shot Misses the Net.
19:33 of 2nd period - Off-side.
19:34 of 2nd period - Jason Dickinson wins face-off versus Alex Barre-Boulet in neutral zone.
19:59 of 2nd period - Tucker Poolman is hit by Dryden Hunt and loses puck.
Goals for this period are 0 for Wolfpack vs 2 for Little Stars.
Shots for this period are 7 for Wolfpack vs 8 for Little Stars.

3rd period


0:01 of 3rd period - Matt Luff wins face-off versus Nolan Patrick in neutral zone.
0:56 of 3rd period - Snap shot by Jake Marchment.
0:56 of 3rd period - Stopped by Ilya Konovalov with a rebound.
1:19 of 3rd period - Snap shot by Tucker Poolman.
1:19 of 3rd period - Stopped by Samuel Ersson with a rebound.
1:54 of 3rd period - Connor Mackey is hit by Dryden Hunt and loses puck.
2:36 of 3rd period - Wrist shot by Yegor Korshkov.
2:36 of 3rd period - Stopped by Ilya Konovalov with a rebound.
3:26 of 3rd period - Cale Fleury is hit by Jason Dickinson and loses puck.
3:31 of 3rd period - Wrist shot by Jonathan Dahlen.
3:31 of 3rd period - Shot Misses the Net.
3:33 of 3rd period - Slapshot by Reece Willcox.
3:33 of 3rd period - Shot Blocked by Cale Fleury.
3:49 of 3rd period - Slapshot by Yegor Korshkov.
3:49 of 3rd period - Goal by Yegor Korshkov - Wolfpack : 2 - Little Stars : 2.
3:50 of 3rd period - Daniel O'regan wins face-off versus Dryden Hunt in neutral zone.
4:05 of 3rd period - Snap shot by Shane Gersich.
4:05 of 3rd period - Shot Misses the Net.
4:12 of 3rd period - Icing by Nolan Patrick.
4:13 of 3rd period - Jason Dickinson wins face-off versus Nolan Patrick in Wolfpack zone.
4:22 of 3rd period - Wrist shot by Jason Dickinson.
4:22 of 3rd period - Stopped by Samuel Ersson without a rebound.
4:23 of 3rd period - Jason Dickinson wins face-off versus Alex Barre-Boulet in Wolfpack zone.
4:28 of 3rd period - Snap shot by Jason Dickinson.
4:28 of 3rd period - Shot Misses the Net.
4:36 of 3rd period - Slapshot by Derrick Pouliot.
4:36 of 3rd period - Stopped by Ilya Konovalov with a rebound.
4:38 of 3rd period - Snap shot by Derrick Pouliot.
4:38 of 3rd period - Shot Blocked by Tucker Poolman.
4:48 of 3rd period - Colton White is hit by Daniel O'regan and loses puck.
4:53 of 3rd period - Snap shot by Shane Gersich.
4:53 of 3rd period - Shot Blocked by Colton White.
4:55 of 3rd period - Snap shot by Daniel O'regan.
4:55 of 3rd period - Shot Misses the Net.
4:57 of 3rd period - Wrist shot by Shane Gersich.
4:57 of 3rd period - Shot Misses the Net.
4:59 of 3rd period - Slapshot by Tucker Poolman.
4:59 of 3rd period - Stopped by Samuel Ersson with a rebound.
5:01 of 3rd period - Wrist shot by Matt Luff.
5:01 of 3rd period - Shot Blocked by Colton White.
5:13 of 3rd period - Snap shot by Radel Fazleev.
5:13 of 3rd period - Stopped by Samuel Ersson with a rebound.
5:17 of 3rd period - Snap shot by Joey Anderson.
5:17 of 3rd period - Stopped by Samuel Ersson with a rebound.
5:19 of 3rd period - Snap shot by Rudolfs Balcers.
5:19 of 3rd period - Shot Blocked by Dryden Hunt.
6:01 of 3rd period - Off-side.
6:02 of 3rd period - Jake Marchment wins face-off versus Daniel O'regan in neutral zone.
6:34 of 3rd period - Snap shot by Jonathan Dahlen.
6:34 of 3rd period - Shot Misses the Net.
6:51 of 3rd period - Minor Penalty to Ville Pokka for Slashing.
6:52 of 3rd period - Nolan Patrick wins face-off versus Daniel O'regan in Little Stars zone.
7:02 of 3rd period - Snap shot by Sebastian Collberg.
7:02 of 3rd period - Stopped by Ilya Konovalov without a rebound.
7:03 of 3rd period - Nolan Patrick wins face-off versus Daniel O'regan in Little Stars zone.
7:48 of 3rd period - K'Andre Miller is hit by Samuel Girard and loses puck.
7:55 of 3rd period - Reece Willcox is hit by Sebastian Collberg and loses puck.
8:19 of 3rd period - Off-side.
8:20 of 3rd period - Daniel O'regan wins face-off versus Nolan Patrick in neutral zone.
8:39 of 3rd period - Slapshot by Jonathan Dahlen.
8:39 of 3rd period - Shot Misses the Net.
8:51 of 3rd period - Penalty to Ville Pokka is over, Ville Pokka is back on ice.
8:59 of 3rd period - Snap shot by Alex Barre-Boulet.
8:59 of 3rd period - Stopped by Ilya Konovalov with a rebound.
9:17 of 3rd period - Slapshot by Alexander Barabanov.
9:17 of 3rd period - Goal by Alexander Barabanov - Wolfpack : 3 - Little Stars : 2.
9:18 of 3rd period - Daniel O'regan wins face-off versus Nolan Patrick in neutral zone.
9:24 of 3rd period - Minor Penalty to Dryden Hunt for Slashing.
9:25 of 3rd period - Nolan Patrick wins face-off versus Daniel O'regan in Wolfpack zone.
9:37 of 3rd period - Alexander Barabanov is hit by Samuel Girard and loses puck.
9:50 of 3rd period - Colton White is hit by Jonathan Dahlen and loses puck.
11:24 of 3rd period - Penalty to Dryden Hunt is over, Dryden Hunt is back on ice.
11:30 of 3rd period - Derrick Pouliot is hit by Joey Anderson and loses puck.
12:09 of 3rd period - Slapshot by Joey Anderson.
12:09 of 3rd period - Shot Misses the Net.
12:50 of 3rd period - Nolan Patrick is hit by Joey Anderson and loses puck.
13:29 of 3rd period - Slapshot by Daniel O'regan.
13:29 of 3rd period - Stopped by Samuel Ersson with a rebound.
13:41 of 3rd period - Lawrence Pilut is hit by Sebastian Collberg.
14:43 of 3rd period - Justin Auger is hit by Colton White and loses puck.
14:56 of 3rd period - Slapshot by Samuel Girard.
14:56 of 3rd period - Deflect By Jake Marchment.
14:56 of 3rd period - Stopped by Samuel Ersson with a rebound.
15:32 of 3rd period - Wrist shot by Daniel O'regan.
15:32 of 3rd period - Shot Misses the Net.
15:34 of 3rd period - Wrist shot by Matt Luff.
15:34 of 3rd period - Shot Misses the Net.
15:40 of 3rd period - Wrist shot by Daniel O'regan.
15:40 of 3rd period - Deflect By Sebastian Collberg.
15:40 of 3rd period - Shot Misses the Net.
15:40 of 3rd period - Puck is out of play.
15:41 of 3rd period - Jake Marchment wins face-off versus Daniel O'regan in Wolfpack zone.
15:46 of 3rd period - Slapshot by Derrick Pouliot.
15:46 of 3rd period - Deflect By Yegor Korshkov.
15:46 of 3rd period - Stopped by Ilya Konovalov without a rebound.
15:47 of 3rd period - Daniel O'regan wins face-off versus Jake Marchment in Little Stars zone.
15:52 of 3rd period - Slapshot by Matt Luff.
15:52 of 3rd period - Shot Misses the Net.
16:12 of 3rd period - Filip Chytil is hit by Sebastian Collberg and loses puck.
16:53 of 3rd period - Slapshot by Lawrence Pilut.
16:53 of 3rd period - Shot Blocked by Joshua Jacobs.
17:01 of 3rd period - Snap shot by Andrei Altybarmakyan.
17:01 of 3rd period - Stopped by Ilya Konovalov with a rebound.
17:17 of 3rd period - Daniel O'regan is hit by Yegor Korshkov and loses puck.
17:57 of 3rd period - Wrist shot by Owen Tippet.
17:57 of 3rd period - Shot Blocked by Jonathan Dahlen.
18:19 of 3rd period - Snap shot by Yegor Korshkov.
18:19 of 3rd period - Stopped by Ilya Konovalov with a rebound.
18:21 of 3rd period - Slapshot by Cale Fleury.
18:21 of 3rd period - Shot Blocked by Samuel Girard.
18:23 of 3rd period - Snap shot by Alexander Volkov.
18:23 of 3rd period - Stopped by Ilya Konovalov with a rebound.
18:25 of 3rd period - Wrist shot by Alexander Volkov.
18:25 of 3rd period - Shot Misses the Net.
18:27 of 3rd period - Snap shot by K'Andre Miller.
18:27 of 3rd period - Stopped by Ilya Konovalov with a rebound.
18:52 of 3rd period - Snap shot by Sebastian Collberg.
18:52 of 3rd period - Shot Blocked by Filip Chytil.
19:04 of 3rd period - Daniel O'regan is hit by Sebastian Collberg and loses puck.
19:13 of 3rd period - Reece Willcox is hit by Cale Fleury and loses puck.
19:22 of 3rd period - Snap shot by Nolan Patrick.
19:22 of 3rd period - Stopped by Ilya Konovalov without a rebound.
19:23 of 3rd period - Mike Yeo call a timeout for Little Stars.
19:23 of 3rd period - Nolan Patrick wins face-off versus Daniel O'regan in Little Stars zone.
19:24 of 3rd period - Wrist shot by Sebastian Collberg.
19:24 of 3rd period - Stopped by Ilya Konovalov with a rebound.
19:30 of 3rd period - Little Stars, Ilya Konovalov is pulled from the net.
19:46 of 3rd period - Snap shot by Daniel O'regan.
19:46 of 3rd period - Stopped by Samuel Ersson with a rebound.
Goals for this period are 2 for Wolfpack vs 0 for Little Stars.
Shots for this period are 14 for Wolfpack vs 8 for Little Stars.